 Dungeon Crawl Stone Soup version 0.30-a0-779-g7971cf19c3 (webtiles) character file.

Game seed: 953138372733413740

28 Goldberg the Stinger (level 3, 0/26 HPs)
             Began as a Human Wanderer on Feb 17, 2023.
             Slain by a kobold
             ... wielding a +0 dagger
              (3 damage)
             ... on level 1 of the Dungeon.
             The game lasted 00:01:53 (692 turns).

Goldberg the Stinger (Human Wanderer)                Turns: 692, Time: 00:01:54

Health: 0/26       AC:  5    Str: 12    XL:     3   Next: 30%
Magic:  6/6        EV: 10    Int: 15    God:
Gold:   42         SH:  0    Dex: 11    Spells: 6/6 levels left

rFire   . . .      SeeInvis .    a - +0 dagger
rCold   . . .      Faith    .    (no shield)
rNeg    . . .      Spirit   .    c - +0 ring mail
rPois   .          Reflect  .    (no helmet)
rElec   .          Harm     .    (no cloak)
rCorr   .          Rampage  .    (no gloves)
Will    .....                    (no boots)
Stlth   +                        (no amulet)
HPRegen 0.24/turn                (no ring)
MPRegen 0.10/turn                (no ring)

@: no status effects
A: no striking features
a: no special abilities


You were on level 1 of the Dungeon.
You visited 1 branch of the dungeon, and saw 1 of its levels.

You collected 42 gold pieces.

Inventory:

Hand Weapons
 a - a +0 dagger (weapon)
Armour
 c - a +0 ring mail (worn)
Scrolls
 b - a scroll of teleportation
 e - a scroll of identify {unknown}
 f - a scroll of vulnerability {unknown}
Potions
 d - 2 potions of heal wounds {unknown}
 g - a potion of magic {unknown}


   Skills:
 + Level 1.0 Fighting
 + Level 1.4 Short Blades
 + Level 1.0 Throwing
 + Level 1.4 Armour
 + Level 0.3 Dodging
 + Level 2.1 Spellcasting
 + Level 1.0 Summonings
 + Level 4.2 Poison Magic


You had 6 spell levels left.
You didn't know any spells.
Your spell library contained the following spells:

 Spells                   Type           Power      Damage    Failure   Level
 Sting                    Tmut/Pois      32%        1d4       21%         1
 Summon Small Mammal      Summ           16%        N/A       32%         1
 Mephitic Cloud           Conj/Pois/Air  5%         N/A       63%         3
 Olgreb's Toxic Radiance  Pois           14%        N/A       63%         4
 Call Canine Familiar     Summ           4%         N/A       67%         3


Dungeon Overview and Level Annotations

Branches:
Dungeon (1/15)

Altars:


Message History

The kobold hits you but does no damage. The rat bites you but does no damage.
The kobold hits you with a +0 dagger. The rat bites you but does no damage.
The kobold closely misses you. The rat bites you. The kobold barely misses you.
The rat closely misses you. The kobold barely misses you.
The rat closely misses you. The kobold misses you.
The rat bites you but does no damage. The kobold hits you but does no damage.
The rat bites you but does no damage. The kobold hits you but does no damage.
The rat closely misses you. The kobold hits you but does no damage.
The rat bites you. The kobold hits you but does no damage. The rat bites you.
The kobold hits you but does no damage. The rat completely misses you.
The kobold closely misses you.
The rat twitches its whiskers.
The rat barely misses you. The kobold hits you with a +0 dagger.
The rat barely misses you. The kobold closely misses you.
The rat bites you but does no damage. The kobold hits you but does no damage.
The rat closely misses you. The kobold hits you but does no damage.
The rat barely misses you. The kobold hits you with a +0 dagger.
The rat bites you but does no damage. The kobold hits you with a +0 dagger.
The rat barely misses you. The kobold hits you but does no damage.
The rat misses you. The kobold barely misses you. The rat barely misses you.
The kobold hits you but does no damage. The rat bites you but does no damage.
The kobold barely misses you. The rat bites you but does no damage.
The kobold misses you. The rat bites you.
The kobold hits you but does no damage. The rat closely misses you.
The kobold hits you with a +0 dagger. The rat barely misses you.
The kobold hits you with a +0 dagger.
* * * LOW HITPOINT WARNING * * *
The rat barely misses you. The kobold hits you with a +0 dagger.
* * * LOW HITPOINT WARNING * * *
The rat barely misses you. The kobold hits you with a +0 dagger.
* * * LOW HITPOINT WARNING * * *
The rat bites you but does no damage. The kobold closely misses you.
The rat bites you but does no damage. The kobold hits you but does no damage.
The rat bites you but does no damage. The kobold hits you with a +0 dagger.
You die...

#.# #..# ..♣ # ..#
##.###.♣ ###.. ..
##....♣ ....# #.##
###.....♣ .....
#..# #...##†.♣
.....
#.###.#####.♣♣
###.. #..##.# #..♣♣
. ##Kr..## #...♣
#..@...# #.#.######
#...####.#
##....#...# #.....#
#P.###..........
......
.♣P.............
.....#
.P♣♣P....>.......
.##..
#P♣♣♣♣............
##.
..PP....#.........
.
.......#.##...#...#
.
##........#########


You could see a kobold and a rat.

Vanquished Creatures
  A dart slug (D:1)
  3 endoplasms (D:1)
  A giant cockroach (D:1)
  2 goblins (D:1)
  A hobgoblin (D:1)
  3 jackals (D:1)
  3 quokkas (D:1)
  3 bats (D:1)
  A frilled lizard (D:1)
  2 kobolds (D:1)
  4 rats (D:1)
24 creatures vanquished.

Vanquished Creatures (others)
  A plant (D:1)
1 creature vanquished.

Grand Total: 25 creatures vanquished

Notes
Turn   | Place    | Note
-------+----------+-------------------------------------------
     0 | D:1      | Goldberg the Human Wanderer began the quest for the Orb.
     0 | D:1      | Goldberg set off with the following items: a +0 dagger, a
                  | scroll of teleportation, a +0 ring mail; and the following
                  | spells available to memorise: Sting, Summon Small Mammal,
                  | Mephitic Cloud, Olgreb's Toxic Radiance, Call Canine
                  | Familiar.
     0 | D:1      | Reached XP level 1. HP: 15/15 MP: 3/3
   180 | D:1      | Reached XP level 2. HP: 13/21 MP: 5/5
   292 | D:1      | Reached skill level 1 in Short Blades
   415 | D:1      | Reached XP level 3. HP: 23/26 MP: 6/6
   692 | D:1      | Slain by a kobold

Illustrated notes

Levels and vault maps discovered:
D:1:      dpeg_arrival_tiny_h, layout_rooms, serial_forest,
          infiniplex_forest_clump_long, infiniplex_forest_end_2,
          infiniplex_forest_clump_small, infiniplex_forest_fountain,
          infiniplex_forest_end_2, infiniplex_forest_clump_curved,
          minmay_misc_feat_four_crosses

Skill      XL: |  1  2 |
---------------+-------+-----
Short Blades   | 1 |  1.4
Fighting       | |  1.0
Throwing       | |  1.0
Armour         | |  1.4
Dodging        | |  0.3
Spellcasting   | |  2.1
Summonings     | |  1.0
Poison Magic   | |  4.2

Action                     || total
---------------------------++-------
  Melee: Dagger            ||   153
 Armour: Ring mail         ||   102
  Dodge: Dodged            ||   113

Table legend: (Time is in decaauts)
 A = Elapsed time spent in this place.
 B = Non-inter-level travel time spent in this place.
 C = Inter-level travel time spent in this place.
 D = Time resting spent in this place.
 E = Time spent auto-exploring this place.
 F = Levels seen in this place.
 G = Mean time per level.
                   A        B        C        D        E       F      G
               +--------+--------+--------+--------+--------+-----+--------+
         Total |    684 |    684 |      0 |     45 |    291 |   1 |  684.0 |
       Dungeon |    684 |    684 |      0 |     45 |    291 |   1 |  684.0 |
               +--------+--------+--------+--------+--------+-----+--------+

Top non-repeatable levels by time:
     D:1: 684 daAuts
